 Dungeon Crawl Stone Soup version 0.22.1-2-g9c5b331 (webtiles) character file.

11503 Lilu the Fighter (level 11, -9/92 HPs)
             Began as a Gnoll Wanderer on Nov 28, 2018.
             Was a Priest of Nemelex Xobeh.
             Mangled by a jiangshi (22 damage)
             ... led by a vampire mage
             ... on level 2 of the Abyss.
             The game lasted 01:02:43 (14694 turns).

Lilu the Fighter (Gnoll Wanderer)                  Turns: 14694, Time: 01:02:44

Health: -9/92      AC:  8    Str: 19    XL:     11   Next: 78%
Magic:  20/20      EV: 14    Int: 11    God:    Nemelex Xobeh [***...]
Gold:   543        SH: 19    Dex: 22    Spells: 23/23 levels left

rFire    + . .     SeeInvis .   B - +1 trident (flame)
rCold    . . .     Gourm    .   V - +0 large shield
rNeg     . . .     Faith    .   t - +0 troll leather armour
rPois    .         Spirit   .   (no helmet)
rElec    .         Reflect  +   H - +0 cloak
rCorr    .         Harm     .   b - +1 pair of gloves {Str+3}
MR       .....                  W - +0 pair of boots
Stlth    ++++......             G - +3 amulet of reflection
HPRegen  0.00/turn              Y - ring of protection from fire
MPRegen  0.17/turn              J - +6 ring of dexterity

@: non-regenerating, diseased
A: distributed training, fangs 1, [deformed body], [deterioration 2], [dopey 2],
[inhibited regeneration], strong nose
a: Triple Draw, Renounce Religion


You were on level 2 of the Abyss.
You worshipped Nemelex Xobeh.
Nemelex Xobeh was most pleased with you.
You were very hungry.

You visited 1 branch of the dungeon, and saw 11 of its levels.
You visited the Abyss 1 time.
You also visited: Sewer.

You collected 543 gold pieces.

Inventory:

Hand Weapons
 a - a +0 glaive of freezing
 i - the +3 hunting sling of the Moon {speed, MR+ Int+7, unknown}
   (You found it on level 1 of the Abyss)

   Attacks with this weapon are significantly faster.
   It affects your intelligence (+7).
   It affects your resistance to hostile enchantments.
 B - a +1 trident of flaming (weapon)
Missiles
 Z - a throwing net (quivered)
Armour
 b - a +1 pair of gloves of strength (worn)
 t - a +0 troll leather armour (worn)
 H - a +0 cloak (worn)
 V - a +0 large shield (worn)
 W - a +0 pair of boots (worn)
Jewellery
 C - an uncursed ring of fire
 G - a +3 amulet of reflection (around neck)
 J - a +6 ring of dexterity (right hand)
 Y - a ring of protection from fire (left hand)
Wands
 O - a wand of random effects (23)
 P - a wand of enslavement (34)
 T - a wand of scattershot (4)
Scrolls
 g - a scroll of silence {unknown}
 k - 3 scrolls of enchant armour
 n - 3 scrolls of amnesia
 u - 4 scrolls of remove curse
 v - a scroll of fog {unknown}
 x - a scroll of blinking {unknown}
 z - a scroll of fear {unknown}
 D - a scroll of holy word {unknown}
 K - a scroll of teleportation
 L - 2 scrolls of enchant weapon
 U - a scroll of magic mapping {unknown}
 X - a scroll of vulnerability {unknown}
Potions
 c - 4 potions of lignification
 j - a potion of ambrosia {unknown}
 l - 4 potions of resistance
 p - 4 potions of might
 q - 5 potions of curing
 r - a potion of cancellation {unknown}
 s - 2 potions of agility
 A - 3 potions of mutation
 I - a potion of flight {unknown}
 Q - a potion of brilliance
 R - 2 potions of berserk rage
 S - a potion of haste {unknown}
Miscellaneous
 e - a fan of gales (inert)
 m - a lightning rod (1/4)
 w - a plain deck of destruction {drawn: 6}
 F - a plain deck of escape {drawn: 3}
 N - a plain deck of escape {drawn: 4}
Comestibles
 f - 23 rations


   Skills:
 + Level 10.6 Fighting
 + Level 7.0 Short Blades
 + Level 6.5 Long Blades
 + Level 7.0 Axes
 + Level 6.5 Maces & Flails
 + Level 6.5 Polearms
 + Level 6.5 Staves
 + Level 6.5 Slings
 + Level 6.5 Bows
 + Level 6.5 Crossbows
 + Level 6.5 Throwing
 + Level 6.5 Armour
 + Level 6.5 Dodging
 + Level 8.9 Stealth
 + Level 6.5 Shields
 + Level 6.5 Unarmed Combat
 + Level 6.5 Spellcasting
 + Level 5.4 Conjurations
 + Level 5.4 Hexes
 + Level 5.4 Charms
 + Level 5.4 Summonings
 + Level 5.4 Necromancy
 + Level 5.4 Translocations
 + Level 5.4 Transmutations
 + Level 5.4 Fire Magic
 + Level 5.4 Ice Magic
 + Level 5.4 Air Magic
 + Level 5.4 Earth Magic
 + Level 5.4 Poison Magic
 + Level 7.1 Invocations
 + Level 7.0 Evocations


You had 23 spell levels left.
You didn't know any spells.
Your spell library contained the following spells:

 Spells                   Type           Power        Failure   Level  Hunger
 Beastly Appendage        Tmut           ###...       26%         1    None
 Corona                   Hex            ###....      26%         1    None
 Magic Dart               Conj           ###.         26%         1    None
 Summon Small Mammal      Summ           ###.         26%         1    None
 Call Imp                 Summ           ###.....     36%         2    ##.....
 Poisonous Vapours        Pois/Air       ###...       36%         2    ##.....
 Searing Ray              Conj           ###...       36%         2    ##.....
 Slow                     Hex            ###.....     36%         2    ##.....
 Sticks to Snakes         Tmut           ###.....     36%         2    ##.....
 Call Canine Familiar     Summ           ###.....     58%         3    ###....
 Conjure Flame            Conj/Fire      ###.....     58%         3    ###....
 Dazzling Spray           Conj/Hex       ###...       58%         3    ###....
 Inner Flame              Hex/Fire       ###.....     58%         3    ###....
 Mephitic Cloud           Conj/Pois/Air  ###.....     58%         3    ###....
 Portal Projectile        Hex/Tloc       ###...       58%         3    ###....
 Spider Form              Tmut/Pois      ###.......   58%         3    ###....
 Summon Guardian Golem    Hex/Summ       ###.....     58%         3    ###....
 Cause Fear               Hex            ###.......   94%         4    ####...
 Force Lance              Conj/Tloc      ###.....     94%         4    ####...
 Fulminant Prism          Conj/Hex       ###.......   94%         4    ####...
 Ice Form                 Ice/Tmut       ###.....     94%         4    ####...
 Iskenderun's Mystic Bla  Conj           ###.....     94%         4    ####...
 Leda's Liquefaction      Hex/Erth       ###.......   94%         4    ####...
 Summon Ice Beast         Ice/Summ       ###.....     94%         4    ####...
 Summon Lightning Spire   Summ/Air       ###.....     94%         4    ####...
 Blade Hands              Tmut           ###.......   100%        5    ######.
 Freezing Cloud           Conj/Ice/Air   ###.......   100%        6    #######
 Ring of Flames           Chrm/Fire      ###.......   100%        7    #######


Dungeon Overview and Level Annotations

Branches:
Dungeon (11/15)            Temple (0/1) D:4            Lair (0/6) D:11
    Orc (0/2) D:11

Altars:
Ashenzari
Cheibriados
Fedhas
Gozag
Kikubaaqudgha
Nemelex Xobeh
Okawaru
Ru
Uskayaw
Vehumet

Shops:
D:8 [   D:10 (

Portals:
Trove: D:11 (give +3 storm dragon scales)


Innate Abilities, Weirdness & Mutations

Your experience applies equally to all skills.
You have very sharp teeth.
Your uncanny sense of smell can sniff out nearby items.
[Armour fits poorly on your strangely shaped body.]
[Your body often deteriorates upon taking damage.]
[You are very dopey. (Int -4)]
[You do not regenerate when monsters are visible.]


Message History

Your body twists and deforms.
You block the flying skull's attack. The flying skull hits you.
You block the flying skull's attack. Something hits you but does no damage.
You block the jiangshi's attack. The jiangshi claws you!
The jiangshi draws strength from your injuries!
The flying skull hits you!
You miss something.
Something hits you! x2; You block the jiangshi's attack. x2
The wretched star pulses with an eldritch light!
You feel yourself wasting away.
You feel your body start to fall apart.
Your regeneration stops near monsters.
The flying skull hits you! Something hits you!
* * * LOW HITPOINT WARNING * * *
You block the jiangshi's attack. x2; You feel ill.
You closely miss something. Something hits you.
* * * LOW HITPOINT WARNING * * *
Something hits you!
* * * LOW HITPOINT WARNING * * *
The jiangshi claws you!!
You die...
Your body glows with a rainbow of weird colours and disappears.

# . .#...# ### . .#
#.
###...#.#..#....#.#
#.##.. ...##..#..
##. .
..##.........#.##
.# .#
#.......#..#.# # #
..(##..*.#.#...#.#
#.....##xn..#.# ..
#V.#z#.## .##..
#..n{.##zV@## #.
.*#.... #z### #
#zz###... #.# #..
.# . #..#### ..##
.. ∆


z You could see a wretched star, 2 jiangshi, an ancient zyme, a necrophage and 3
flying skulls.

Vanquished Creatures
  The ghost of Curus the Spear-Bearer, a novice MfGl of Trog (D:9)
  Sonja (D:10)
  A smoke demon (Abyss:1)
  A large abomination (Abyss:2)
  A merfolk (D:9)
  2 trolls
  Grinder (D:6)
  2 hippogriffs
  A flying skull (Abyss:2)
  A ynoxinul (Abyss:2)
  A wraith (D:10)
  Grum (D:9)
  A chaos spawn (Abyss:1)
  4 small abominations
  An ice beast (D:11)
  2 eyes of draining
  A black bear (D:8)
  6 ogres
  2 orc warriors
  A sky beast (D:6)
  A necrophage (D:9)
  2 phantoms
  4 wolves (D:9)
  4 centaurs
  A crocodile (D:11)
  5 big kobolds
  4 bullfrogs
  4 scorpions
  12 wights
  5 crimson imps
  A bullfrog zombie (D:10)
  A centaur zombie (D:5)
  6 hounds
  Crazy Yiuf (D:5)
  2 jellies
  5 orc wizards
  3 bullfrog skeletons
  2 gnoll shamans
  An orc priest (D:6)
  Ijyb (D:5)
  Terence (D:2)
  5 iguanas
  11 worker ants
  2 killer bee zombies (D:7)
  2 hound skeletons
  10 gnolls
  11 adders
  3 river rats (Sewer)
  A shadow imp (D:9)
  An ufetubus (D:7)
  4 oozes
  4 adder skeletons
  11 worms
  4 dart slugs
  3 leopard geckos
  41 orcs
  5 ball pythons
  7 giant cockroaches
  10 goblins
  9 hobgoblins
  12 jackals
  5 bats
  7 frilled lizards
  15 kobolds
  2 leopard gecko skeletons
  An orc zombie (Abyss:1)
  A quokka zombie (D:6)
  14 rats
299 creatures vanquished.

Vanquished Creatures (collateral kills)
  Gastronok (D:11)
  A two-headed ogre (D:10)
  A kobold demonologist (D:11)
  A large abomination (Abyss:1)
  A yak (D:11)
  A basilisk (D:11)
  An orc warrior (D:9)
  A crocodile (D:11)
  An orc priest (D:10)
  A leopard gecko (D:10)
  2 orcs
  3 kobolds (D:11)
15 creatures vanquished.

Vanquished Creatures (others)
  A hippogriff (D:8)
  A centaur (D:7)
  A centaur skeleton (D:8)
  2 orcs
  A kobold (D:2)
  4 fungi
  8 starspawn tentacles (Abyss:1)
18 creatures vanquished.

Grand Total: 332 creatures vanquished

Notes
Turn   | Place    | Note
-------+----------+-------------------------------------------
     0 | D:1      | Lilu the Gnoll Wanderer began the quest for the Orb.
     0 | D:1      | Lilu set off with: a +2 short sword, a +0 quarterstaff, a
                  | potion of lignification, a +0 robe, a +0 dagger, a ration
     0 | D:1      | Reached XP level 1. HP: 26/26 MP: 2/2
   149 | D:1      | Reached XP level 2. HP: 33/33 MP: 3/3
   472 | D:1      | Reached XP level 3. HP: 37/38 MP: 4/4
   591 | D:1      | Reached skill level 1 in Invocations
  1177 | D:2      | Reached skill level 1 in Long Blades
  1177 | D:2      | Reached skill level 1 in Maces & Flails
  1177 | D:2      | Reached skill level 1 in Polearms
  1177 | D:2      | Reached skill level 1 in Staves
  1177 | D:2      | Reached skill level 1 in Slings
  1177 | D:2      | Reached skill level 1 in Bows
  1177 | D:2      | Reached skill level 1 in Crossbows
  1177 | D:2      | Reached skill level 1 in Throwing
  1177 | D:2      | Reached skill level 1 in Armour
  1177 | D:2      | Reached skill level 1 in Dodging
  1177 | D:2      | Reached skill level 1 in Shields
  1177 | D:2      | Reached skill level 1 in Unarmed Combat
  1177 | D:2      | Reached skill level 1 in Spellcasting
  1197 | D:2      | Reached XP level 4. HP: 34/45 MP: 6/6
  1351 | D:2      | Found a radiant altar of Vehumet.
  1650 | D:2      | Noticed Terence
  1664 | D:2      | Killed Terence
  1664 | D:2      | Reached skill level 1 in Conjurations
  1664 | D:2      | Reached skill level 1 in Hexes
  1664 | D:2      | Reached skill level 1 in Charms
  1664 | D:2      | Reached skill level 1 in Summonings
  1664 | D:2      | Reached skill level 1 in Necromancy
  1664 | D:2      | Reached skill level 1 in Translocations
  1664 | D:2      | Reached skill level 1 in Transmutations
  1664 | D:2      | Reached skill level 1 in Fire Magic
  1664 | D:2      | Reached skill level 1 in Ice Magic
  1664 | D:2      | Reached skill level 1 in Air Magic
  1664 | D:2      | Reached skill level 1 in Earth Magic
  1664 | D:2      | Reached skill level 1 in Poison Magic
  1664 | D:2      | Reached XP level 5. HP: 42/51 MP: 7/7
  3070 | D:4      | Reached XP level 6. HP: 52/57 MP: 8/8
  3410 | D:4      | Found a staircase to the Ecumenical Temple.
  3453 | D:4      | Found a glowing drain.
  3470 | Sewer    | Entered a sewer
  3511 | Sewer    | Reached XP level 7. HP: 58/63 MP: 10/10
  4206 | Sewer    | Reached skill level 9 in Fighting
  4794 | D:4      | Reached XP level 8. HP: 57/71 MP: 12/12
  4808 | D:4      | Found an iron altar of Okawaru.
  5299 | D:5      | Entered Level 5 of the Dungeon
  5448 | D:5      | Noticed Ijyb
  5457 | D:5      | Killed Ijyb
  5498 | D:5      | Found an ancient bone altar of Kikubaaqudgha.
  5971 | D:5      | Found a runed door.
  5975 | D:5      | Noticed Crazy Yiuf
  6028 | D:5      | Killed Crazy Yiuf
  7294 | D:6      | Found a sparkling altar of Nemelex Xobeh.
  7310 | D:6      | Became a worshipper of Nemelex Xobeh the Trickster
  7488 | D:6      | Found an opulent altar of Gozag.
  7525 | D:6      | Reached XP level 9. HP: 55/76 MP: 14/14
  7764 | D:6      | Noticed Grinder
  7784 | D:6      | Killed Grinder
  7878 | D:7      | Received a gift from Nemelex Xobeh
  8126 | D:6      | Reached skill level 5 in Short Blades
  8126 | D:6      | Reached skill level 5 in Axes
  8126 | D:6      | Reached skill level 5 in Evocations
  8296 | D:7      | Found a snail-covered altar of Cheibriados.
  8564 | D:7      | Found a sacrificial altar of Ru.
  8716 | D:8      | Reached * piety under Nemelex Xobeh
  8724 | D:8      | Reached skill level 5 in Invocations
  9018 | D:8      | Reached XP level 10. HP: 71/84 MP: 17/17
  9092 | D:8      | Found Kaucubb's Armour Shop.
  9160 | D:8      | Found a hide-covered altar of Uskayaw.
  9891 | D:9      | Received a gift from Nemelex Xobeh
  9894 | D:9      | Reached skill level 5 in Long Blades
  9894 | D:9      | Reached skill level 5 in Maces & Flails
  9894 | D:9      | Reached skill level 5 in Polearms
  9894 | D:9      | Reached skill level 5 in Staves
  9894 | D:9      | Reached skill level 5 in Slings
  9894 | D:9      | Reached skill level 5 in Bows
  9894 | D:9      | Reached skill level 5 in Crossbows
  9894 | D:9      | Reached skill level 5 in Throwing
  9894 | D:9      | Reached skill level 5 in Armour
  9894 | D:9      | Reached skill level 5 in Dodging
  9894 | D:9      | Reached skill level 5 in Shields
  9894 | D:9      | Reached skill level 5 in Unarmed Combat
  9894 | D:9      | Reached skill level 5 in Spellcasting
  9965 | D:9      | Found a runed door.
  9968 | D:9      | Noticed Curus's ghost (novice MfGl)
 10339 | D:9      | Reached skill level 10 in Fighting
 10435 | D:9      | Found a shattered altar of Ashenzari.
 10934 | D:9      | Received a gift from Nemelex Xobeh
 11116 | D:9      | Reached ** piety under Nemelex Xobeh
 11118 | D:9      | Noticed Grum
 11262 | D:9      | Killed Grum
 11366 | D:9      | Killed Curus's ghost
 11400 | D:10     | Entered Level 10 of the Dungeon
 11400 | D:10     | Noticed Sonja
 11401 | D:10     | Killed Sonja
 11401 | D:10     | Reached XP level 11. HP: 91/91 MP: 19/19
 11624 | D:10     | Found Ehu Rija's Antique Weapon Boutique.
 11626 | D:10     | Noticed a two-headed ogre
 11638 | D:10     | Killed a two-headed ogre
 12259 | D:10     | Received a gift from Nemelex Xobeh
 12482 | D:11     | Noticed Gastronok
 12497 | D:11     | Killed Gastronok
 12497 | D:11     | Reached skill level 5 in Conjurations
 12497 | D:11     | Reached skill level 5 in Hexes
 12497 | D:11     | Reached skill level 5 in Charms
 12497 | D:11     | Reached skill level 5 in Summonings
 12497 | D:11     | Reached skill level 5 in Necromancy
 12497 | D:11     | Reached skill level 5 in Translocations
 12497 | D:11     | Reached skill level 5 in Transmutations
 12497 | D:11     | Reached skill level 5 in Fire Magic
 12497 | D:11     | Reached skill level 5 in Ice Magic
 12497 | D:11     | Reached skill level 5 in Air Magic
 12497 | D:11     | Reached skill level 5 in Earth Magic
 12497 | D:11     | Reached skill level 5 in Poison Magic
 12580 | D:11     | Found a staircase to the Lair.
 12681 | D:11     | Received a gift from Nemelex Xobeh
 12743 | D:11     | Reached *** piety under Nemelex Xobeh
 12816 | D:11     | Found a portal to a secret trove of treasure.
 12905 | D:11     | Found a blossoming altar of Fedhas.
 12953 | D:11     | Found a staircase to the Orcish Mines.
 13026 | D:11     | Received a gift from Nemelex Xobeh
 13220 | D:11     | Cast into level 1 of the Abyss (drawing a card)
 13273 | Abyss:1  | Got a twisted hunting sling
 13330 | Abyss:1  | Noticed a bone dragon
 13506 | Abyss:1  | Noticed a bone dragon
 13528 | Abyss:1  | Noticed a sixfirhy
 13531 | Abyss:1  | Noticed a worldbinder
 13533 | Abyss:1  | Noticed a worldbinder
 13540 | Abyss:1  | Noticed a tentacled starspawn
 13558 | Abyss:1  | Noticed an orb spider
 13813 | Abyss:1  | Noticed a shadow demon
 14022 | Abyss:1  | Noticed a lich
 14034 | Abyss:1  | Noticed a starcursed mass
 14065 | Abyss:1  | Noticed a tentacled starspawn
 14095 | Abyss:1  | Reached **** piety under Nemelex Xobeh
 14095 | Abyss:1  | Received a gift from Nemelex Xobeh
 14102 | Abyss:1  | Noticed a deep elf sorcerer
 14111 | Abyss:2  | Found a corrupted altar of Lugonu.
 14284 | Abyss:2  | Found a corrupted altar of Lugonu.
 14295 | Abyss:2  | Noticed a thrashing horror
 14297 | Abyss:2  | Noticed a thrashing horror
 14422 | Abyss:2  | Noticed a shadow demon
 14665 | Abyss:2  | Noticed a large abomination
 14677 | Abyss:2  | Noticed a vampire mage
 14685 | Abyss:2  | Noticed a jiangshi
 14686 | Abyss:2  | Noticed a wretched star
 14687 | Abyss:2  | Noticed a jiangshi
 14694 | Abyss:2  | Mangled by a jiangshi

Skill      XL: |  1  2  3  4  5  6  7  8  9 10 11 |
---------------+----------------------------------+-----
Stealth        | 6 7 8 |  8.9
Invocations    | 1 2 3 4 5 6 7 |  7.1
Long Blades    | 1 2 3 4 5 6 |  6.5
Maces & Flails | 1 2 3 4 5 6 |  6.5
Polearms       | 1 2 3 4 5 6 |  6.5
Staves         | 1 2 3 4 5 6 |  6.5
Slings         | 1 2 3 4 5 6 |  6.5
Bows           | 1 2 3 4 5 6 |  6.5
Crossbows      | 1 2 3 4 5 6 |  6.5
Throwing       | 1 2 3 4 5 6 |  6.5
Armour         | 1 2 3 4 5 6 |  6.5
Dodging        | 1 2 3 4 5 6 |  6.5
Shields        | 1 2 3 4 5 6 |  6.5
Unarmed Combat | 1 2 3 4 5 6 |  6.5
Spellcasting   | 1 2 3 4 5 6 |  6.5
Conjurations   | 1 2 3 4 5 |  5.4
Hexes          | 1 2 3 4 5 |  5.4
Charms         | 1 2 3 4 5 |  5.4
Summonings     | 1 2 3 4 5 |  5.4
Necromancy     | 1 2 3 4 5 |  5.4
Translocations | 1 2 3 4 5 |  5.4
Transmutations | 1 2 3 4 5 |  5.4
Fire Magic     | 1 2 3 4 5 |  5.4
Ice Magic      | 1 2 3 4 5 |  5.4
Air Magic      | 1 2 3 4 5 |  5.4
Earth Magic    | 1 2 3 4 5 |  5.4
Poison Magic   | 1 2 3 4 5 |  5.4
Short Blades   | 3 4 5 6 7 |  7.0
Axes           | 3 4 5 6 7 |  7.0
Evocations     | 3 4 5 6 7 |  7.0
Fighting       | 9 10 | 10.6

Action                   |  1- 3 |  4- 6 |  7- 9 | 10-12 || total
-------------------------+-------+-------+-------+-------++-------
Melee: Short sword       |    79 |   131 |   150 |       ||   360
       Bite              |    12 |    18 |    68 |    68 ||   166
       Punch             |       |     4 |     3 |       ||     7
       Trident           |       |    11 |   291 |   432 ||   734
       War axe           |       |       |       |     1 ||     1
 Fire: Arbalest          |       |       |    10 |       ||    10
Throw: Javelin           |       |     2 |       |       ||     2
Invok: Triple Draw       |       |       |       |     3 ||     3
Evoke: Deck              |       |       |     6 |    23 ||    29
       Lightning rod     |       |       |       |     5 ||     5
       Wand              |       |       |       |    11 ||    11
       Fan of gales      |       |       |       |     1 ||     1
  Use: Scroll            |       |     3 |       |    16 ||    19
       Potion            |       |       |       |     4 ||     4
 Stab: Sleeping          |     6 |    17 |     9 |    11 ||    43
       Distracted        |       |       |     1 |     5 ||     6
  Eat: Chunk             |     1 |     7 |    15 |    14 ||    37
       Ration            |       |       |     1 |     1 ||     2
Armor: Robe              |    13 |     5 |       |       ||    18
       Ring mail         |       |    17 |    58 |       ||    75
       Scale mail        |       |       |    51 |    77 ||   128
       Troll leather arm |       |       |       |    29 ||    29
Dodge: Dodged            |    46 |    60 |   148 |   134 ||   388
Block: Buckler           |       |       |    11 |       ||    11
       Large shield      |       |       |   204 |   489 ||   693
       Reflection        |       |       |     1 |     7 ||     8
